 Dungeon Crawl Stone Soup version 0.27-a0-279-gdfb9265905 (webtiles) character file.

Game seed: 15234223247689391649

2 namelastname112 the Sneak (level 1, 0/19 HPs)
             Began as a Draconian Delver on Feb 7, 2021.
             Slain by a bullfrog zombie (5 damage)
             ... on level 6 of the Dungeon.
             The game lasted 00:00:56 (175 turns).

namelastname112 the Sneak (Draconian Delver)         Turns: 175, Time: 00:00:57

Health: 0/19       AC:  4    Str: 14    XL:     1   Next: 33%
Magic:  1/1        EV: 12    Int: 10    God:
Gold:   17         SH:  0    Dex: 12    Spells: 0/0 levels left

rFire    . . .     SeeInvis .   a - +0 falchion
rCold    . . .     Faith    .   (no shield)
rNeg     . . .     Spirit   .   (armour unavailable)
rPois    .         Reflect  .   (helmet restricted)
rElec    .         Harm     .   (no cloak)
rCorr    .         Rampage  .   (no gloves)
Will     .....                  (no boots)
Stlth    +++.......             (no amulet)
HPRegen  0.06/turn              (no ring)
MPRegen  0.07/turn              (no ring)

@: no status effects
A: unfitting armour, cold-blooded, AC +4
a: no special abilities


You were on level 6 of the Dungeon.
You visited 1 branch of the dungeon, and saw 2 of its levels.

You collected 17 gold pieces.

Inventory:

Hand Weapons
 a - a +0 falchion (weapon)
Wands
 f - a wand of digging (3)
Scrolls
 b - a scroll of fog
 c - a scroll of magic mapping
 d - a scroll of fear
 g - a scroll of remove curse {unknown}
Potions
 e - a potion of haste
 h - a potion of curing {unknown}


   Skills:
 + Level 3.3 Fighting
 + Level 2.0 Long Blades
 + Level 1.7 Dodging
 + Level 4.6 Stealth


You couldn't memorise any spells.
You didn't know any spells.
Your spell library was empty.

Dungeon Overview and Level Annotations

Branches:
Dungeon (6/15)
 Temple: D:4-7

Altars:
Elyvilon
Gozag
Okawaru


Innate Abilities, Weirdness & Mutations

Your plain brown scales are hard. (AC +4)
You cannot fit into any form of body armour.
You are cold-blooded and may be slowed by cold attacks.


Message History

The bullfrog zombie barely misses you!
You carve the bullfrog zombie like a ham!
Your tail-slap misses the bullfrog zombie!
The bullfrog zombie is moderately damaged!
The bullfrog zombie hits you but does no damage!
The bullfrog zombie hits you!
You take 3 damage, and have 12/19 hp!
You barely miss the bullfrog zombie!
The bullfrog zombie is moderately damaged!
The bullfrog zombie misses you!
You riposte!
You chop the bullfrog zombie into pieces!
The bullfrog zombie is moderately damaged!
The bullfrog zombie barely misses you!
You open the bullfrog zombie like a pillowcase!
The bullfrog zombie is moderately damaged!
The bullfrog zombie hits you!!! * * * don't die
* * * You take 7 damage, and have 5/19 hp!
MASSIVE DAMAGE!!!!!!
The bullfrog zombie hits you! rip

#.# #.###.# #.#
#.# #.# #.# #.#
#.# #.# #.# #.#
#.# #.# #.#
#.#######.# #.#
#.........# #.#
############## #Z#
......# #@#
#####.##########)#
#............#
##############


You could see a bullfrog zombie.

Vanquished Creatures
  A dart slug (D:5)
1 creature vanquished.

Notes
Turn   | Place    | Note
-------+----------+-------------------------------------------
     0 | D:5      | namelastname112 the Draconian Delver began the quest for
                  | the Orb.
     0 | D:5      | Reached XP level 1. HP: 19/19 MP: 1/1
     6 | D:5      | Found a white marble altar of Elyvilon.
     6 | D:5      | Found an opulent altar of Gozag.
     6 | D:5      | Found an iron altar of Okawaru.
    46 | D:5      | Noticed an ogre
   138 | D:6      | Noticed a water moccasin zombie
   175 | D:6      | Slain by a bullfrog zombie

Illustrated notes

Levels and vault maps discovered:
D:5:      layout_basic, gammafunk_temple_overflow_forgotten
D:6:      layout_basic, serial_undead, serial_undead_b, serial_undead_d,
          serial_undead_f, serial_undead_d, xom_teletrap_fun

Action                   || total
-------------------------++-------
Melee: Falchion          ||    11
       Tailslap          ||     1
Armor: Skin              ||     3
Dodge: Dodged            ||     6
       Rpst.: Falchion   ||     2

Table legend: (Time is in decaauts)
 A = Elapsed time spent in this place.
 B = Non-inter-level travel time spent in this place.
 C = Inter-level travel time spent in this place.
 D = Time resting spent in this place.
 E = Time spent auto-exploring this place.
 F = Levels seen in this place.
 G = Mean time per level.
                   A        B        C        D        E       F      G
               +--------+--------+--------+--------+--------+-----+--------+
         Total |    177 |    168 |      9 |      0 |     18 |   2 |   88.5 |
       Dungeon |    177 |    168 |      9 |      0 |     18 |   2 |   88.5 |
               +--------+--------+--------+--------+--------+-----+--------+

Top non-repeatable levels by time:
     D:6: 115 daAuts
     D:5: 61 daAuts
